 Dungeon Crawl Stone Soup version 0.31-a0-236-g9a0961fb85 (webtiles) character file.

Game seed: 13716069903226257615

8780 gruber the Frost Mage (level 11, 0/83 HPs)
             Began as a Demonspawn Ice Elementalist on July 10, 2023.
             Was a Priest of Vehumet.
             Slain by an orc knight
             ... wielding a +1 great sword of protection
              (21 damage)
             ... on level 10 of the Dungeon.
             The game lasted 00:19:45 (11414 turns).

gruber the Frost Mage (DsIE)                       Turns: 11414, Time: 00:19:46

Health: 0/83       AC: 17    Str: 10    XL:     11   Next: 14%
Magic:  11/21      EV: 11    Int: 34    God:    Vehumet [***...]
Gold:   414        SH:  4    Dex:  8    Spells: 6/24 levels left

rFire   . . .        D - +1 mace "Puzaovel" {freeze, rPois Int+8 Dex-5 Stlth-}
rCold   . . .        q - +0 buckler
rNeg    . . .        K - +0 steam dragon scales
rPois   +            d - +0 helmet
rElec   .            z - scarf {repulsion}
rCorr   .            (no gloves)
SInv    .            G - +0 pair of boots
Will    .....        l - amulet of the acrobat Stlth
                     u - +6 ring of intelligence
HPRegen 0.33/turn    (no ring)
MPRegen 0.17/turn

%: repel missiles, acrobat
@: ice-armoured, freezing walls
A: claws 2, ignite blood 2, spiny 1, sturdy frame 1
a: Renounce Religion


You were on level 10 of the Dungeon.
You worshipped Vehumet.
Vehumet was most pleased with you.
You visited 2 branches of the dungeon, and saw 12 of its levels.
You also visited: Sewer.

You collected 598 gold pieces.
You spent 184 gold pieces at shops.

Inventory:

Hand Weapons
 A - the +1 war axe of Bene {pain, rN+ Will+ Dex+2}
   (You found it on level 5 of the Dungeon)

   Dex:       It affects your dexterity (+2).
   rN:        It protects you from negative energy.
   Will:      It increases your willpower.
 D - the +1 mace "Puzaovel" (weapon) {freeze, rPois Int+8 Dex-5 Stlth-}
   (You bought it in a shop on level 6 of the Dungeon)

   Int:       It affects your intelligence (+8).
   Dex:       It affects your dexterity (-5).
   rPois:     It protects you from poison.
   Stlth:     It makes you less stealthy.
Missiles
 a - 2 throwing nets
 s - 6 poisoned darts
 B - a curare-tipped dart
Armour
 d - a +0 helmet (worn)
 q - a +0 buckler (worn)
 z - a scarf of repulsion (worn)
 G - a +0 pair of boots (worn)
 K - +0 steam dragon scales (worn)
 L - a +0 ring mail of fire resistance
Jewellery
 l - an amulet of the acrobat (around neck)
 u - a +6 ring of intelligence (left claw)
 w - a ring of fire
 Q - a ring of fire
Wands
 P - a wand of roots (6)
 S - a wand of mindburst (24)
 T - a wand of flame (9)
Scrolls
 g - 4 scrolls of vulnerability {unknown}
 i - 2 scrolls of amnesia {unknown}
 k - 11 scrolls of identify {unknown}
 n - 2 scrolls of butterflies {unknown}
 o - 2 scrolls of enchant armour {unknown}
 p - 2 scrolls of revelation {unknown}
 r - 3 scrolls of poison {unknown}
 v - 4 scrolls of teleportation {unknown}
 x - 2 scrolls of noise {unknown}
 y - 3 scrolls of blinking {unknown}
 C - 2 scrolls of enchant weapon {unknown}
 I - 3 scrolls of silence {unknown}
 J - a scroll of fear {unknown}
 M - a scroll of acquirement {unknown}
 N - a scroll of immolation {unknown}
 R - a scroll of torment {unknown}
Potions
 b - a potion of magic
 c - 6 potions of enlightenment
 e - 7 potions of curing {unknown}
 f - a potion of berserk rage {unknown}
 h - 2 potions of mutation {unknown}
 j - a potion of resistance {unknown}
 m - 7 potions of heal wounds
 t - a potion of might {unknown}
 E - a potion of attraction {unknown}
 F - a potion of haste {unknown}
 H - a potion of degeneration {unknown}
 O - a potion of cancellation {unknown}


   Skills:
 - Level 6.5 Fighting
 * Level 1.9 Armour
 + Level 2.1 Dodging
 - Level 1.7 Stealth
 - Level 5.2 Shields
 - Level 7.1 Spellcasting
 - Level 8.0 Conjurations
 * Level 8.2 Ice Magic
 - Level 5.0 Air Magic


You had 6 spell levels left.
You knew the following spells:

 Your Spells              Type           Power      Damage    Failure   Level
a - Freeze                Ice            100%       1d10      1%          1
b - Frozen Ramparts       Ice            100%       1d16      1%          3
c - Freezing Cloud        Conj/Ice/Air   28%        6-21      2%          5
d - Ozocubu's Armour      Ice            62%        N/A       1%          3
e - Stone Arrow           Conj/Erth      78%        3d11      1%          3
f - Hailstorm             Conj/Ice       61%        3d13      1%          3

Your spell library contained the following spells:

 Spells                   Type           Power      Damage    Failure   Level
 Ensorcelled Hibernation  Hex/Ice        80%        N/A       1%          2
 Poisonous Vapours        Pois/Air       58%        N/A       1%          2
 Mephitic Cloud           Conj/Pois/Air  41%        N/A       1%          3
 Swiftness                Air            46%        N/A       1%          3
 Fulminant Prism          Conj/Hex       19%        3d10      2%          4
 Iskenderun's Mystic Bla  Conj/Tloc      39%        2d9       2%          4
 Necrotise                Necr           48%        1d6       4%          1
 Volatile Blastmotes      Fire/Tloc      24%        2d12      4%          3
 Lesser Beckoning         Tloc           24%        N/A       8%          2
 Passwall                 Tmut/Erth      10%        N/A       8%          2
 Summon Ice Beast         Ice/Summ       40%        N/A       10%         4
 Gell's Gravitas          Tloc           12%        N/A       16%         3
 Teleport Other           Tloc           12%        N/A       16%         3
 Vampiric Draining        Necr           12%        2d6       16%         3
 Lee's Rapid Deconstruct  Erth           6%         3d6*      32%         5
 Animate Dead             Necr           12%        N/A       45%         4
 Agony                    Necr           12%        N/A       80%         5
 Haunt                    Necr/Summ      6%         N/A       100%        7
 Infestation              Necr           6%         N/A       100%        8


Dungeon Overview and Level Annotations

Branches:
Dungeon (11/15)            Temple (1/1) D:4            Lair (0/5) D:8
  Sewer (visited)
    Orc: D:9-12

Altars:
Ashenzari
Cheibriados
Dithmenos
Fedhas
Gozag
Hepliaklqana
Kikubaaqudgha
Makhleb
Nemelex Xobeh
Okawaru
Qazlal
Ru
Sif Muna
Trog
Uskayaw
Vehumet
Wu Jian
Xom
Yredelemnul

Shops:
D:6 *   D:7 :

Annotations:
D:10 Amaemon


Innate Abilities, Weirdness & Mutations

You have very sharp fingernails.
Your demonic aura often causes spilled blood to erupt in flames.
You are partially covered in sharp spines.
Your movements are slightly less encumbered by armour. (ER -2)


Message History

You freeze the five-headed hydra!
The five-headed hydra is almost dead.
The five-headed hydra seems to slow down.
The wall freezes the cane toad!
The wall freezes the orc knight!
The orc knight hits you but does no damage.
The wall freezes the cane toad!
Unknown command.
Unknown command.
You feel much better.
The wall freezes the cane toad!
The wall freezes the orc knight!
You block the orc knight's attack.
The wall freezes the five-headed hydra.
You kill the five-headed hydra!
Vehumet accepts your kill.
The wall freezes the cane toad!
The cane toad seems to slow down.
Your Ice Magic skill increases to level 8!
Unknown command.
Casting: Freeze (safe; 1% risk of failure)
Confirm with . or Enter, or press ? or * to list all spells.
Aiming: Freeze (safe; 1% risk of failure)
Press: ? - help, Shift-Dir - straight line, f - cane toad
Aim: a cane toad (severely wounded, slow)
You freeze the cane toad.
The cane toad is almost dead.
The wall freezes the orc knight!
The orc knight hits you with a +1 great sword of protection!
* * * LOW HITPOINT WARNING * * *
The wall freezes the cane toad.
The cane toad seems to slow down.
The cane toad is struck by your spines.
The cane toad stings you but does no damage.
Unknown command.
Casting: Freeze (safe; 1% risk of failure)
Confirm with . or Enter, or press ? or * to list all spells.
Aiming: Freeze (safe; 1% risk of failure)
Press: ? - help, Shift-Dir - straight line, f - orc knight, p - cane toad
Aim: an orc knight, wielding a +1 great sword of protection and wearing a +0 plate armour (severely wounded)
You freeze the orc knight.
The orc knight is severely wounded.
The wall freezes the orc knight but does no damage.
The orc knight hits you with a +1 great sword of protection!!
You die...

#####'###### #
#.....##"F #
##...#..#.H#
###...###.###.#
#......#..##.#.# ##
+.........+.#.#.# #.+
#..#......##.#.#.#.#
#.###...### #.#F#o#
#..#...## #.#@#..#
##.....# #.##C}#
#####'#########'#####
....................#
###.........#####...#
#........######...#
#.................#
#.........####....+
###.........# #....#


You could see an orc knight and a cane toad (slow).

Vanquished Creatures
  2 hydras (D:10)
  3 two-headed ogres
  Pikel (D:8)
  2 trolls (D:9)
  Sigmund (D:6)
  A wyvern (D:10)
  5 yaks (D:8)
  An unseen horror simulacrum (D:8)
  2 steam dragons
  Menkaure (D:6)
  A water moccasin (D:7)
  4 orc warriors
  2 ice beasts (D:8)
  3 sky beasts
  2 black bears
  3 centaurs
  2 ogres
  4 lemures (D:8)
  2 kobold brigands (Sewer)
  3 bullfrogs (D:7)
  2 gnoll sergeants
  A scorpion (D:6)
  3 wights (D:7)
  4 howler monkeys
  2 electric eels
  A gnoll bouda (D:4)
  5 hounds
  3 orc priests
  2 jellies
  4 iguanas
  A sleepcap (D:7)
  5 orc wizards
  16 gnolls
  4 river rats
  5 adders
  5 shadow imps
  2 white imps (D:5)
  A howler monkey simulacrum (D:8)
  8 ufetubi
  2 worms
  2 dart slugs
  31 orcs
  3 bats (D:1)
  9 endoplasms
  A giant cockroach (D:5)
  3 hobgoblins
  4 jackals (D:5)
  11 kobolds
  4 quokkas
  7 ball pythons
  4 frilled lizards
  8 goblins
  9 rats
217 creatures vanquished.

Vanquished Creatures (others)
  An iguana (D:6)
1 creature vanquished.

Grand Total: 218 creatures vanquished

Notes
Turn   | Place    | Note
-------+----------+-------------------------------------------
     0 | D:1      | gruber the Demonspawn Ice Elementalist began the quest for
                  | the Orb.
     0 | D:1      | Reached XP level 1. HP: 13/13 MP: 3/3
   378 | D:1      | Gained mutation: You are partially covered in sharp spines.
                  | [demonic ancestry]
   378 | D:1      | Reached XP level 2. HP: 16/19 MP: 1/5
  1093 | D:2      | Reached XP level 3. HP: 24/24 MP: 4/6
  1130 | D:2      | Learned a level 3 spell: Frozen Ramparts
  1601 | D:2      | Reached skill level 5 in Ice Magic
  1681 | D:2      | Gained mutation: Your movements are slightly less
                  | encumbered by armour. (ER -2) [demonic ancestry]
  1681 | D:2      | Reached XP level 4. HP: 13/30 MP: 3/7
  2318 | D:3      | Gained mutation: You have sharp fingernails. [demonic
                  | ancestry]
  2318 | D:3      | Reached XP level 5. HP: 33/35 MP: 4/8
  3082 | D:4      | Reached XP level 6. HP: 41/41 MP: 5/9
  3606 | D:4      | Found a staircase to the Ecumenical Temple.
  3631 | Temple   | Entered the Ecumenical Temple
  3845 | Temple   | Became a worshipper of Vehumet
  3886 | D:5      | Entered Level 5 of the Dungeon
  3907 | D:5      | Identified the +1 war axe of Bene {pain, rN+ Will+ Dex+2}
  4112 | D:5      | Found an ornate altar of the Wu Jian Council.
  4233 | D:5      | Reached skill level 1 in Shields
  4275 | D:5      | Found a shimmering blue altar of Sif Muna.
  4282 | D:5      | Gained mutation: Your demonic aura sometimes causes spilled
                  | blood to erupt in flames. [demonic ancestry]
  4282 | D:5      | Reached XP level 7. HP: 46/46 MP: 6/10
  4417 | D:5      | Reached * piety under Vehumet
  4417 | D:5      | Offered knowledge of Magic Dart by Vehumet.
  4620 | D:5      | Found a glowing drain.
  4632 | Sewer    | Entered a sewer
  5648 | D:6      | Reached skill level 5 in Shields
  5673 | D:6      | Reached XP level 8. HP: 45/52 MP: 6/11
  5713 | D:6      | Reached skill level 1 in Fighting
  5885 | D:6      | Found Wacyduny's Assorted Antiques.
  5890 | D:6      | Bought a fine mace for 184 gold pieces
  5890 | D:6      | Identified the +1 mace "Puzaovel" {freeze, rPois Int+8
                  | Dex-5 Stlth-} (You bought it in a shop on level 6 of the
                  | Dungeon)
  6181 | D:6      | Noticed Sigmund
  6188 | D:6      | Killed Sigmund
  6189 | D:6      | Reached skill level 5 in Fighting
  6304 | D:6      | Noticed Menkaure
  6327 | D:6      | Killed Menkaure
  6453 | D:6      | Reached ** piety under Vehumet
  6453 | D:6      | Offered knowledge of Scorch by Vehumet.
  6571 | D:6      | Learned a level 5 spell: Freezing Cloud
  6725 | D:7      | Found Kicku's Book Emporium.
  6786 | D:7      | Gained mutation: Your demonic aura often causes spilled
                  | blood to erupt in flames. [demonic ancestry]
  6786 | D:7      | Reached XP level 9. HP: 71/71 MP: 2/13
  6952 | D:7      | Reached skill level 1 in Conjurations
  6952 | D:7      | Reached skill level 1 in Air Magic
  6990 | D:7      | Found a blossoming altar of Fedhas.
  7556 | D:7      | Found a broken altar of Ashenzari.
  7557 | D:7      | Found a burning altar of Makhleb.
  7703 | D:6      | Learned a level 3 spell: Ozocubu's Armour
  7914 | D:7      | Identified the +2 trident of Puckish True Grit {spect,
                  | Will- MP+9 Int+4 Stlth+}
  7962 | D:7      | Identified the +4 dagger "Woarou" {heavy, Dex+6}
  8006 | D:7      | Reached skill level 5 in Spellcasting
  8566 | D:8      | Noticed Pikel
  9029 | D:8      | Killed Pikel
  9164 | D:8      | Found a shadowy altar of Dithmenos.
  9299 | D:8      | Reached XP level 10. HP: 73/77 MP: 14/20
  9368 | D:8      | Found a staircase to the Lair.
  9421 | D:8      | Offered knowledge of Stone Arrow by Vehumet.
  9545 | D:8      | Learned a level 3 spell: Stone Arrow
  9559 | D:8      | You fall into a shaft and drop 3 floors!
  9571 | D:10     | Entered Level 10 of the Dungeon
  9772 | D:9      | Noticed a two-headed ogre
  9781 | D:9      | Reached *** piety under Vehumet
  9785 | D:9      | Killed a two-headed ogre
  9865 | D:9      | Noticed a two-headed ogre
  9872 | D:9      | Killed a two-headed ogre
  9873 | D:9      | Reached skill level 5 in Conjurations
 10020 | D:9      | Reached skill level 5 in Air Magic
 10632 | D:8      | Noticed a two-headed ogre
 10645 | D:8      | Killed a two-headed ogre
 10917 | D:8      | Offered knowledge of Hailstorm by Vehumet.
 10923 | D:8      | Learned a level 3 spell: Hailstorm
 11247 | D:10     | Noticed Amaemon
 11291 | D:10     | Noticed a six-headed hydra
 11297 | D:10     | Killed a six-headed hydra
 11298 | D:10     | Reached skill level 1 in Armour
 11298 | D:10     | Gained mutation: You have very sharp fingernails. [demonic
                  | ancestry]
 11298 | D:10     | Reached XP level 11. HP: 83/83 MP: 11/21
 11405 | D:10     | Noticed an orc knight
 11407 | D:10     | Noticed a five-headed hydra
 11410 | D:10     | HP: 3/83 [five-headed hydra (12)]
 11412 | D:10     | Killed a five-headed hydra
 11414 | D:10     | Slain by an orc knight

Illustrated notes

Levels and vault maps discovered:
D:1:      lightli_arrival_flooded_house, layout_loops_ring,
          grunt_decor_resistance, minmay_misc_feat_room
D:2:      layout_basic
D:3:      layout_loops_ring
D:4:      nicolae_cairo_tiling_large, layout_basic,
          minmay_temple_entry_antechambers
D:5:      layout_loops_ring, nicolae_sif_muna_condensation,
          pdpol_wu_jian_five_deadly_venoms, portal_sewer_entry_b
D:6:      layout_basic, serial_shops, nicolae_shop_hallway_plus, uniq_sigmund,
          uniq_menkaure
D:7:      layout_basic, nicolae_elyvilon_temple_path, lemuel_doored_altar,
          gammafunk_temple_overflow_pools, serial_shops,
          nicolae_book_shop_shelving, minmay_joined_circles
D:8:      layout_gridville, grunt_dithmenos_shadows, lair_entry_dummy,
          serial_ice, serial_ice_o, serial_ice_n, serial_ice_d, serial_ice_l,
          serial_ice_a, serial_ice_c, serial_ice_h,
          chequers_serial_rivers_small_b, uniq_pikel
D:9:      layout_basic
D:10:     minmay_the_grid_net [minmay_the_grid_embedded,
          minmay_the_grid_medium_cups, minmay_the_grid_odd_star,
          minmay_the_grid_eight, minmay_the_grid_tiny_cups,
          minmay_the_grid_prize_four_corners_diamond_b], layout_long_grid,
          kennysheep_generic_room_12, uniq_amaemon
D:11:     layout_loops_cross, orc_david_3, uniq_maurice, uniq_gastronok
Temple:   regret_index_temple_generic_petals

Skill      XL: |  1  2  3  4  5  6  7  8  9 10 11 |
---------------+----------------------------------+-----
Ice Magic      | 4 5 6 7 8 |  8.2
Shields        | 1 5 |  5.2
Fighting       | 6 |  6.5
Spellcasting   | 7 |  7.1
Conjurations   | 3 8 |  8.0
Air Magic      | 2 5 |  5.0
Armour         | 1 |  1.9
Dodging        | 2 |  2.1
Stealth        | |  1.7

Action                     |  1- 3 |  4- 6 |  7- 9 | 10-12 || total
---------------------------+-------+-------+-------+-------++-------
  Melee: Unarmed           |     3 |       |       |       ||     3
         Staff             |    14 |    16 |       |       ||    30
         Punch             |     2 |       |       |       ||     2
         Hand axe          |       |    36 |       |       ||    36
         War axe           |       |    14 |    52 |    11 ||    77
         Mace              |       |       |    77 |    18 ||    95
  Throw: Dart              |       |       |     2 |    11 ||    13
   Cast: Freeze            |    30 |    11 |    48 |    20 ||   109
         Frozen Ramparts   |     5 |    11 |    29 |    13 ||    58
         Ozocubu's Armour  |       |       |     9 |    10 ||    19
         Freezing Cloud    |       |       |     2 |     1 ||     3
         Hailstorm         |       |       |       |     3 ||     3
    Use: Potion            |       |       |       |     1 ||     1
   Stab: Sleeping          |     3 |     4 |       |       ||     7
 Armour: Robe              |     5 |    14 |    17 |       ||    36
         Steam dragon scal |       |       |    21 |    21 ||    42
  Dodge: Dodged            |    25 |    64 |   143 |    40 ||   272
         Repelled          |       |       |     3 |       ||     3
  Block: Buckler           |       |     3 |    52 |    18 ||    73

Table legend: (Time is in decaauts)
 A = Elapsed time spent in this place.
 B = Non-inter-level travel time spent in this place.
 C = Inter-level travel time spent in this place.
 D = Time resting spent in this place.
 E = Time spent auto-exploring this place.
 F = Levels seen in this place.
 G = Mean time per level.
                   A        B        C        D        E       F      G
               +--------+--------+--------+--------+--------+-----+--------+
         Total |  11593 |  11138 |    455 |   1000 |   8165 |  13 |  891.8 |
       Dungeon |  10492 |  10075 |    417 |    670 |   7676 |  11 |  953.8 |
        Temple |    238 |    200 |     38 |      0 |    190 |   1 |  238.0 |
         Sewer |    861 |    861 |      0 |    330 |    298 |   1 |  861.0 |
               +--------+--------+--------+--------+--------+-----+--------+

Top non-repeatable levels by time:
     D:7: 1918 daAuts
     D:8: 1444 daAuts
     D:6: 1299 daAuts
     D:2: 1074 daAuts
     D:9: 1032 daAuts
     D:5: 934 daAuts
     D:4: 925 daAuts
   Sewer: 861 daAuts
     D:1: 840 daAuts
     D:3: 822 daAuts
  Temple: 238 daAuts
    D:10: 187 daAuts
    D:11: 11 daAuts
